 Dungeon Crawl Stone Soup version 0.27-a0-538-g15ff5c5295 (webtiles) character file.

Game seed: 1271762062749589468

377252 wakim the Executioner (level 21, -6/178 (188) HPs)
             Began as a Minotaur Berserker on Mar 6, 2021.
             Was the Champion of Trog.
             Mangled by a vault warden
             ... wielding a +0 great sword of holy wrath
              (17 damage)
             ... on level 4 of the Vaults.
             The game lasted 02:40:25 (37956 turns).

wakim the Executioner (Minotaur Berserker)         Turns: 37956, Time: 02:40:26

HP:   -6/178 (188)  AC: 48    Str: 33    XL:     21   Next: 82%
MP:   20/20         EV: 12    Int:  7    God:    Trog [******]
Gold: 1077          SH:  0    Dex: 10    Spells: 20/20 levels left

rFire    . . .     SeeInvis +   a - +7 executioner's axe of Intimidation {vorpal, Dex+3 SInv}
rCold    + + +     Faith    .   (shield currently unavailable)
rNeg     . . .     Spirit   .   K - +9 crystal plate armour of Feguixt {rC+++ Int+2 Dex-2}
rPois    .         Reflect  .   O - +2 hat
rElec    +         Harm     .   j - +1 cloak
rCorr    +         Rampage  .   G - +2 pair of gloves {Dex+3}
Will     ++++.                  N - +2 pair of boots
Stlth    ..........             Y - amulet "Haly" {rElec Regen+ Str+3 Dex-5 Slay+3}
HPRegen  2.39/turn              d - ring of willpower
MPRegen  0.17/turn              t - ring of resist corrosion

@: about to teleport, regenerating, drained
A: horns 2, retaliatory headbutt
}: 2/15 runes: serpentine, barnacled
a: Renounce Religion, Berserk, Trog's Hand, Brothers in Arms


You were on level 4 of the Vaults.
You worshipped Trog.
Trog was exalted by your worship.
You visited 7 branches of the dungeon, and saw 36 of its levels.
You visited 2 bazaars.
You also visited: Bailey, Ice Cave and Volcano.

You collected 3907 gold pieces.
You spent 2830 gold pieces at shops.

Inventory:

Hand Weapons
 a - the +7 executioner's axe of Intimidation (weapon) {vorpal, Dex+3 SInv}
   (Trog gifted it to you on level 4 of the Snake Pit)

   It inflicts extra damage upon your enemies.
   It affects your dexterity (+3).
   It lets you see invisible.
 b - a +2 vorpal triple crossbow
 H - a +4 battleaxe of flaming
Missiles
 C - 17 throwing nets (quivered)
 E - 1639 bolts
Armour
 j - a +1 cloak (worn)
 G - a +2 pair of gloves of dexterity (worn)
 K - the +9 crystal plate armour of Feguixt (worn) {rC+++ Int+2 Dex-2}
   (You bought it in a shop on level 2 of the Orcish Mines)

   It affects your intelligence (+2).
   It affects your dexterity (-2).
   It renders you almost immune to cold.
 N - a +2 pair of boots (worn)
 O - a +2 hat (worn)
Jewellery
 d - a ring of willpower (left hand)
 f - a ring of fire
 p - a ring of willpower
 t - a ring of resist corrosion (right hand)
 y - a ring of positive energy
 T - a ring of poison resistance
 Y - the amulet "Haly" (around neck) {rElec Regen+ Str+3 Dex-5 Slay+3}
   (You took it off a merfolk siren on level 4 of the Shoals)

   [amulet of regeneration]

   It affects your strength (+3).
   It affects your dexterity (-5).
   It affects your accuracy and damage with ranged weapons and melee attacks
   (+3).
   It insulates you from electricity.
   It increases your rate of regeneration.
Wands
 e - a wand of paralysis (30)
 D - a wand of polymorph (16)
 J - a wand of digging (9)
 L - a wand of charming (10)
Scrolls
 c - 5 scrolls of immolation
 g - 2 scrolls of summoning
 i - 2 scrolls of magic mapping
 k - a scroll of fear
 l - 4 scrolls of enchant weapon
 r - 17 scrolls of teleportation
 s - 2 scrolls of enchant armour
 F - 21 scrolls of identify
 I - a scroll of blinking
 Q - 3 scrolls of silence
Potions
 m - 4 potions of invisibility
 n - a potion of cancellation
 o - 6 potions of haste
 q - 8 potions of berserk rage
 u - 8 potions of heal wounds
 v - 15 potions of curing
 x - 4 potions of mutation
 z - 4 potions of resistance
 B - 6 potions of might
 M - 3 potions of flight
 R - 2 potions of ambrosia
 U - a potion of magic


   Skills:
 - Level 16.1 Fighting
 * Level 25.4 Axes
 + Level 19.7 Crossbows
 - Level 20.0 Armour
 - Level 15.0 Dodging


You had 20 spell levels left.
You didn't know any spells.
Your spell library was empty.

Dungeon Overview and Level Annotations

Branches:
Dungeon (15/15)            Temple (1/1) D:4            Lair (6/6) D:10
 Shoals (4/4) Lair:3        Snake (4/4) Lair:2        Slime (0/5) Lair:5
    Orc (2/2) D:12            Elf (0/3) Orc:2        Vaults (4/5) D:13
  Crypt (0/3) Vaults:3     Depths (0/5) D:15         Bailey (visited)
  IceCv (visited)         Volcano (visited)

Altars:
Dithmenos
Fedhas
Gozag
Hepliaklqana
Kikubaaqudgha
Nemelex Xobeh
Okawaru
Qazlal
Vehumet
Wu Jian
Zin
Beogh

Shops:
D:4 (   D:6 *   D:10 *   Orc:2 [(?!   Vaults:2 :

Portals:
Trove: D:14 (give +5 demon trident)

Annotations:
Shoals:2 3 runed translucent doors, Haeres's ghost, adept DsCj; Zeabuote's ghost, adept DrEE; bmj180's ghost, adept DrCj


Innate Abilities, Weirdness & Mutations

You have a pair of horns on your head.
You reflexively headbutt those who attack you in melee.


Message History

Trog appreciates your killing of a magic user.
You slash the sphinx! You slice the stone giant!!
You carve the orc knight like a ham!!!
The emperor scorpion changes into a quicksilver dragon!
Your troll bites the sphinx!
Your troll claws the sphinx!
The sphinx dies!
Trog accepts your kill.
Trog appreciates your killing of a magic user.
The stone giant hits you but does no damage.
Your troll bites the vault warden!
Your troll barely misses the vault warden.
Your troll claws the vault warden but does no damage.
The orc knight hits you with a +0 long sword!
* * * LOW HITPOINT WARNING * * *
The boulder beetle leaps!
The quicksilver dragon bites your troll!!
The quicksilver dragon claws your troll!
The stone giant closely misses you.
You see here a +0 battleaxe of freezing.
The quicksilver dragon misses your troll.
The quicksilver dragon claws your troll!
The orc knight hits you with a +0 long sword!!
* * * LOW HITPOINT WARNING * * *
The stone giant hits your troll!!
Your troll dies!
Your troll's corpse disappears in a puff of smoke!
You carve the orc knight like a ham!!!
You kill the orc knight!
Trog accepts your kill.
You completely miss the vault warden.
The ironbrand convoker gestures at the freezing wraith while chanting.
The freezing wraith seems to grow stronger.
The vault warden hits you but does no damage.
The shadow dragon breathes negative energy at you.
The bolt of negative energy hits you!!!
You feel drained.
* * * LOW HITPOINT WARNING * * *
As you read the scroll of teleportation, it crumbles to dust.
You feel strangely unstable.
A deep elf death mage opens the door.
The vault warden hits you with a +0 great sword of holy wrath!
You die...

#...#...#...#
+...........#
#...#...#...#
##.#######.##
#...#.).#...#
#...........#
#...#...#...#
### ##'######
#@peD..#
##C(D.##
##Do## #W.#


C.G#p .pop .c.B° .....?. You could see a shadow dragon, an ice dragon, a stone
giant, a vault warden, a boulder beetle, 2 orc knights, a deep elf death mage, a
great orb of eyes, an ironbrand convoker, a freezing wraith (strong) and a +1
war axe of freezing.

Vanquished Creatures
  Margery (Vaults:3)
  Vashnia (Snake:2)
  Rupert (D:14)
  A sphinx (Vaults:4)
  Polyphemus (Shoals:2)
  15 nagarajas (Snake:4)
  A storm dragon (Vaults:4)
  4 vault wardens
  Aizul (Snake:3)
  3 frost giants
  A deep elf sorcerer (Vaults:2)
  7 ironheart preservers
  5 stone giants
  2 very ugly things (Vaults:1)
  Nessos (Lair:6)
  A deep elf demonologist (Vaults:2)
  An entropy weaver (Vaults:3)
  A deep elf annihilator (D:14)
  An ettin (Vaults:3)
  Snorg (Lair:4)
  The ghost of trm the Arsonist, a journeyman DsCj of Gozag (Lair:2)
  4 merfolk javelineers
  Josephine (Lair:5)
  A fire dragon (Vaults:2)
  The ghost of Ynwesix the Cleaver, a journeyman DDFi of Gozag (D:13)
  5 merfolk impalers
  The ghost of bmj180 the Destroyer, a journeyman DrCj of Vehumet (D:11)
  7 boulder beetles
  10 yaktaur captains
  5 vault guards
  6 ogre magi
  2 rakshasas (Vaults:3)
  6 catoblepae
  26 naga warriors
  6 hydras
  3 merfolk avatars
  A merfolk aquamancer (Shoals:4)
  13 anacondas
  An alligator snapping turtle (Shoals:4)
  5 death knights
  A deep troll shaman (Vaults:1)
  8 centaur warriors
  15 two-headed ogres
  A tengu warrior (D:13)
  3 orc high priests (Orc:2)
  5 satyrs (Shoals:4)
  3 deep troll earth magi
  27 death yaks
  Urug (Lair:5)
  19 naga sharpshooters
  4 deep elf knights
  4 hell knights
  8 shock serpents
  7 skeletal warriors
  A shadow wraith (Vaults:4)
  2 salamander mystics
  2 unseen horrors
  2 deep elf archers
  8 deep trolls
  6 naga ritualists
  4 flayed ghosts
  6 wizards
  2 phantasmal warriors (D:13)
  A glowing orange brain (Vaults:3)
  13 sea snakes
  23 harpies
  A sphinx zombie (Vaults:1)
  A harpy (shapeshifter) (Vaults:3)
  10 ironbrand convokers
  A tengu zombie (Vaults:2)
  3 necromancers
  7 orc sorcerers
  A deep elf pyromancer (Vaults:2)
  17 orc knights
  3 deep elf zephyrmancers
  5 fauns (Shoals:4)
  A stone giant zombie (Vaults:4)
  11 salamanders
  6 mana vipers
  7 ugly things
  3 wolf spiders
  10 manticores
  6 cyclopes
  A fire giant zombie (Vaults:4)
  5 elephants (Lair:3)
  2 centaur zombies
  9 merfolk sirens
  42 black mambas
  11 cane toads
  9 guardian serpents
  15 naga magi
  A torpor snail (Lair:3)
  A smoke demon (Volcano)
  A gargoyle (D:12)
  7 water nymphs
  6 vault sentinels
  3 kobold demonologists
  6 komodo dragons
  40 yaktaurs
  Psyche (D:9)
  6 rime drakes
  8 freezing wraiths
  A yaktaur skeleton (Vaults:2)
  23 polar bears
  3 red devils (Volcano)
  8 trolls
  A meliai (D:14)
  4 hornets
  22 merfolk
  A jumping spider (Vaults:3)
  7 wind drakes
  9 blink frogs
  An ettin zombie (Vaults:4)
  12 slime creatures
  9 dream sheep
  3 human simulacra
  11 snapping turtles
  3 redbacks (Vaults:3)
  A vampire (D:12)
  8 spriggans
  2 shadows
  3 wyverns
  80 yaks
  A fire elemental (Lair:1)
  A yak (shapeshifter) (Vaults:3)
  A hog (shapeshifter) (Vaults:3)
  9 wraiths
  6 water elementals
  A yaktaur simulacrum (Vaults:4)
  2 basilisks
  71 nagas
  4 vampire mosquitoes (D:14)
  3 acid dragons
  A soldier ant (shapeshifter) (Vaults:3)
  2 hell hounds (Volcano)
  21 water moccasins
  A hornet zombie (D:11)
  47 orc warriors
  2 sky beasts
  2 necrophages
  A swamp drake (D:12)
  5 ice beasts
  6 black bears
  11 centaurs
  4 boggarts (Vaults:2)
  22 ogres
  26 wolves
  An elf simulacrum (Vaults:1)
  4 phantoms
  12 kobold brigands
  24 bullfrogs
  A wyvern zombie (D:10)
  8 gnoll sergeants (Bailey)
  An elf skeleton (D:11)
  2 scorpions
  18 killer bees
  3 howler monkeys
  A troll skeleton (D:11)
  6 wights
  An electric eel (Snake:2)
  2 quasits
  A bullfrog zombie (D:12)
  3 hounds
  2 jellies
  2 centaur skeletons
  14 orc priests
  7 gnoll shamans
  7 human zombies
  Jessica (D:3)
  4 human skeletons
  3 bullfrog skeletons
  2 iguanas
  21 orc wizards
  7 worker ants
  7 hell rats (Lair:6)
  An ogre skeleton (D:11)
  A hound skeleton (D:5)
  2 worker ant zombies (D:9)
  22 gnolls
  20 adders
  A howler monkey skeleton (D:5)
  A shadow imp (D:9)
  5 white imps
  2 ufetubi (D:8)
  An ooze (D:2)
  2 adder zombies
  A worm (D:2)
  7 leopard geckos
  97 orcs
  A giant cockroach (D:1)
  6 hobgoblins
  18 jackals
  23 kobolds
  4 quokkas
  2 ball pythons
  10 bats
  4 frilled lizards
  6 goblins
  A leopard gecko skeleton (D:5)
  A quokka skeleton (D:9)
  11 rats
1475 creatures vanquished.

Vanquished Creatures (collateral kills)
  Mara (Vaults:4)
  A sphinx (Vaults:4)
  A vault warden (Vaults:1)
  3 ironheart preservers
  A great orb of eyes (Vaults:1)
  A yaktaur captain (Vaults:3)
  2 two-headed ogres (Vaults:1)
  A naga sharpshooter (Snake:3)
  2 hell knights (Vaults:3)
  A salamander mystic (Snake:4)
  A skeletal warrior (Vaults:2)
  3 ugly things
  A slime creature (Vaults:1)
  A naga mage (Snake:3)
  A yaktaur (Vaults:1)
  A wraith (Vaults:1)
  3 ogres (Vaults:1)
  A centaur zombie (D:12)
26 creatures vanquished.

Vanquished Creatures (others)
  A mana viper (Snake:3)
  A merfolk siren (Shoals:4)
  A rime drake (IceCv)
  A polar bear (IceCv)
  An ogre (Vaults:3)
  A boggart (Vaults:2)
  An orc (D:14)
  A goblin (D:9)
  42 fungi
  253 plants
  4 withered plants (Shoals:2)
307 creatures vanquished.

Grand Total: 1808 creatures vanquished

Notes
Turn   | Place    | Note
-------+----------+-------------------------------------------
     0 | D:1      | wakim the Minotaur Berserker began the quest for the Orb.
     0 | D:1      | Reached XP level 1. HP: 19/19 MP: 0/0
   288 | D:1      | Reached skill level 4 in Axes
   288 | D:1      | Reached XP level 2. HP: 26/27 MP: 1/1
   807 | D:2      | Reached ** piety under Trog
   808 | D:2      | Reached XP level 3. HP: 28/33 MP: 2/2
  1023 | D:2      | Found a blossoming altar of Fedhas.
  1334 | D:3      | Noticed an ice beast
  1349 | D:3      | Killed an ice beast
  1350 | D:3      | Reached skill level 5 in Axes
  1350 | D:3      | Reached XP level 4. HP: 41/41 MP: 3/3
  1440 | D:3      | Noticed Jessica
  1445 | D:3      | Noticed a centaur
  1453 | D:3      | Killed Jessica
  1454 | D:3      | Reached XP level 5. HP: 47/47 MP: 4/4
  1457 | D:3      | Killed a centaur
  1458 | D:3      | Reached skill level 5 in Fighting
  1458 | D:3      | Reached skill level 6 in Axes
  1707 | D:3      | Found a radiant altar of Vehumet.
  1715 | D:3      | Found an opulent altar of Gozag.
  2048 | D:3      | Reached XP level 6. HP: 56/56 MP: 5/5
  2572 | D:4      | Found a staircase to the Ecumenical Temple.
  2582 | Temple   | Entered the Ecumenical Temple
  2664 | D:4      | Reached skill level 7 in Axes
  2778 | D:4      | Reached *** piety under Trog
  2831 | D:4      | Reached skill level 5 in Armour
  3001 | D:4      | Found Faebihum's Antique Weapon Shoppe.
  3066 | D:4      | Reached XP level 7. HP: 62/62 MP: 6/6
  3522 | D:5      | Entered Level 5 of the Dungeon
  3625 | D:5      | Found a stormy altar of Qazlal.
  3627 | D:5      | Noticed a fire elemental
  3628 | D:5      | Noticed an air elemental
  3628 | D:5      | Noticed a water elemental
  3645 | D:5      | Reached skill level 8 in Axes
  3761 | D:5      | Found a glowing silver altar of Zin.
  3938 | D:5      | Reached XP level 8. HP: 73/73 MP: 7/7
  4294 | D:6      | Reached **** piety under Trog
  4348 | D:6      | Found Hautrije's General Store.
  4422 | D:4      | Bought a battleaxe for 130 gold pieces
  4760 | D:6      | Identified the +7 hunting sling of the Yoke {flame, rPois
                  | rF+ rC-}
  5360 | D:7      | Found a sparkling altar of Nemelex Xobeh.
  5373 | D:7      | Reached skill level 9 in Axes
  5689 | D:7      | Reached XP level 9. HP: 78/80 MP: 8/8
  6368 | D:8      | Killed an unseen horror
  6369 | D:8      | Reached skill level 10 in Axes
  6474 | D:8      | Reached skill level 11 in Axes
  6830 | D:8      | Reached skill level 12 in Axes
  6887 | D:8      | Reached skill level 10 in Armour
  7108 | D:9      | Found an ornate altar of the Wu Jian Council.
  7125 | D:9      | Found a shadowy altar of Dithmenos.
  7156 | D:9      | Noticed Psyche
  7160 | D:9      | Found a flagged portal.
  7183 | D:9      | Reached ***** piety under Trog
  7184 | D:9      | Reached XP level 10. HP: 87/87 MP: 9/9
  7184 | D:9      | Killed Psyche
  7278 | Bailey   | Entered a bailey
  7556 | Bailey   | Reached skill level 13 in Axes
  8500 | D:9      | Received a gift from Trog
  8752 | D:10     | Entered Level 10 of the Dungeon
  8795 | D:10     | Reached skill level 14 in Axes
  8911 | D:10     | Found Wouxux's Island Escapes.
  9240 | D:10     | Reached XP level 11. HP: 89/95 MP: 10/10
  9468 | D:10     | Found a staircase to the Lair.
  9503 | D:10     | Bought a scroll of teleportation for 33 gold pieces
  9503 | D:10     | Bought a scroll of teleportation for 33 gold pieces
  9503 | D:10     | Bought a potion of flight for 33 gold pieces
  9503 | D:10     | Bought a scroll of teleportation for 33 gold pieces
  9503 | D:10     | Bought a potion of invisibility for 88 gold pieces
  9563 | D:11     | Found a runed translucent gate.
  9563 | D:11     | Found a runed translucent gate.
  9563 | D:11     | Found a runed translucent gate.
  9566 | D:11     | Noticed bmj180's ghost (journeyman DrCj)
  9627 | D:11     | Noticed an eight-headed hydra
  9651 | D:11     | Killed an eight-headed hydra
  9742 | D:11     | Noticed a two-headed ogre
  9759 | D:11     | Killed a two-headed ogre
  9760 | D:11     | Reached skill level 15 in Axes
  9987 | Lair:1   | Entered Level 1 of the Lair of Beasts
 10099 | Lair:1   | Reached skill level 5 in Dodging
 10572 | Lair:1   | Reached skill level 10 in Fighting
 10870 | Lair:2   | Reached XP level 12. HP: 60/106 MP: 11/11
 10995 | Lair:2   | Reached skill level 16 in Axes
 11025 | Lair:2   | Found a runed translucent door.
 11025 | Lair:2   | Noticed trm's ghost (journeyman DsCj)
 11027 | Lair:2   | Identified the +4 spear of Power {vorpal, rPois Will+
                  | Int+2}
 11064 | Lair:2   | Found a staircase to the Snake Pit.
 11150 | Lair:2   | Noticed a five-headed hydra
 11298 | Lair:2   | Killed a seven-headed hydra
 11583 | Lair:2   | Reached skill level 1 in Crossbows
 12051 | Lair:2   | Received a gift from Trog
 12284 | Lair:3   | Reached skill level 17 in Axes
 12437 | Lair:3   | You fall into a shaft and drop 2 floors!
 12468 | Lair:5   | Reached skill level 5 in Crossbows
 12586 | Lair:4   | Reached XP level 13. HP: 114/114 MP: 12/12
 12690 | Lair:4   | Found a frozen archway.
 12740 | IceCv    | Entered an ice cave
 13076 | IceCv    | Reached ****** piety under Trog
 13205 | IceCv    | Noticed a frost giant
 13220 | IceCv    | Received a gift from Trog
 13230 | IceCv    | Killed a frost giant
 13246 | IceCv    | Reached skill level 18 in Axes
 13544 | Lair:4   | Noticed Snorg
 13556 | Lair:4   | Killed Snorg
 14385 | Lair:5   | Noticed Urug
 14398 | Lair:5   | Killed Urug
 14775 | Lair:5   | Noticed Josephine
 14799 | Lair:5   | Killed Josephine
 14981 | Lair:5   | Found a staircase to the Slime Pits.
 15279 | Lair:6   | Entered Level 6 of the Lair of Beasts
 15299 | Lair:6   | Reached XP level 14. HP: 122/122 MP: 13/13
 15334 | Lair:6   | Reached skill level 10 in Crossbows
 15407 | Lair:6   | Reached skill level 10 in Dodging
 15418 | Lair:6   | Reached skill level 19 in Axes
 15425 | Lair:6   | Found a dark tunnel.
 15433 | Volcano  | Entered a volcano
 15609 | Volcano  | Received a gift from Trog
 15750 | Lair:6   | Noticed Nessos
 16057 | Lair:6   | Killed Nessos
 16491 | Lair:6   | Identified the +4 executioner's axe of the Land of Plenty
                  | {vorpal, rElec} (Trog gifted it to you on level 6 of the
                  | Lair of Beasts)
 16491 | Lair:6   | Received a gift from Trog
 17014 | Lair:2   | Killed trm's ghost
 17017 | Lair:2   | Reached XP level 15. HP: 124/130 MP: 14/14
 17455 | D:11     | Found an ancient bone altar of Kikubaaqudgha.
 17718 | D:11     | Identified a scroll of acquirement
 17718 | D:11     | Acquired a +2 vorpal triple crossbow
 17878 | D:11     | Killed bmj180's ghost
 17957 | D:12     | Identified the +11 executioner's axe "Xoumev" {flame,
                  | Fragile rElec Int+6 Dex+2} (Trog gifted it to you on level
                  | 12 of the Dungeon)
 17957 | D:12     | Received a gift from Trog
 18101 | D:12     | Found a staircase to the Orcish Mines.
 18768 | Orc:1    | Entered Level 1 of the Orcish Mines
 19006 | Orc:2    | Entered Level 2 of the Orcish Mines
 19524 | Orc:2    | Found a staircase to the Elven Halls.
 19637 | Orc:2    | Found Buahoh's Distillery.
 19654 | Orc:2    | Received a gift from Trog
 19666 | Orc:2    | Found Entiudghugitz's Antique Weapon Emporium.
 19769 | Orc:2    | Reached skill level 15 in Armour
 19807 | Orc:2    | Found Jineot's Armour Emporium.
 19809 | Orc:2    | Found Kuweav's Magic Scroll Boutique.
 19818 | Orc:2    | Bought a scroll of identify for 28 gold pieces
 19818 | Orc:2    | Bought a scroll of identify for 28 gold pieces
 19820 | Orc:2    | Bought the +9 crystal plate armour of Feguixt {rC+++ Int+2
                  | Dex-2} for 1416 gold pieces
 20247 | D:13     | Found a flickering gateway to a bazaar.
 20254 | Bazaar   | Entered a bazaar
 20254 | Bazaar   | Found Ixtedauc's Antique Weapon Shoppe.
 20254 | Bazaar   | Found Tiuby's Weapon Emporium.
 20254 | Bazaar   | Found Powes's General Store.
 20397 | D:13     | Found a large runed translucent door.
 20397 | D:13     | Found a large runed translucent door.
 20408 | D:13     | Noticed Ynwesix's ghost (journeyman DDFi)
 20455 | D:13     | Identified the +0 pair of gloves of the Bruised Mouths
                  | {Harm rC- Dex+8}
 20653 | D:13     | Found a gate to the Vaults.
 21043 | D:13     | Identified the +2 quarterstaff "Pythrad" {vorpal, Str+4}
 21112 | D:13     | Identified the +10 great sword of Salt {drain, Dex+5}
 21144 | D:13     | Found an iron altar of Okawaru.
 21232 | D:13     | Identified the +8 chain mail "Keaps" {Harm rPois rF- Str+6}
 21445 | D:13     | Killed Ynwesix's ghost
 21483 | D:14     | Received a gift from Trog
 21603 | D:14     | Found a portal to a secret trove of treasure.
 21962 | D:14     | Noticed a frost giant
 21976 | D:14     | Killed a frost giant
 21977 | D:14     | Reached XP level 16. HP: 113/141 MP: 15/15
 22003 | D:14     | Reached skill level 20 in Axes
 22093 | D:14     | Noticed Rupert
 22108 | D:14     | Killed Rupert
 22515 | D:15     | Entered Level 15 of the Dungeon
 23116 | D:15     | Found a staircase to the Depths.
 23761 | Lair:3   | Found an opulent altar of Gozag.
 23860 | Lair:3   | Found a staircase to the Shoals.
 23991 | Shoals:1 | Entered Level 1 of the Shoals
 24827 | Shoals:2 | Received a gift from Trog
 24869 | Shoals:2 | Found a runed translucent gate.
 24985 | Shoals:2 | Noticed Polyphemus
 25011 | Shoals:2 | Killed Polyphemus
 25258 | Shoals:2 | Found a runed translucent gate.
 25259 | Shoals:2 | Found a runed translucent gate.
 25261 | Shoals:2 | Noticed bmj180's ghost (adept DrCj)
 25261 | Shoals:2 | Noticed Haeres's ghost (adept DsCj)
 25261 | Shoals:2 | Noticed Zeabuote's ghost (adept DrEE)
 26308 | Shoals:4 | Entered Level 4 of the Shoals
 26324 | Shoals:4 | Received a gift from Trog
 26350 | Shoals:4 | Reached XP level 17. HP: 89/151 MP: 16/16
 26598 | Shoals:4 | Identified the amulet "Haly" {rElec Regen+ Str+3 Dex-5
                  | Slay+3}
 26862 | Shoals:4 | Received a gift from Trog
 26880 | Shoals:4 | Got a barnacled rune of Zot
 27213 | Shoals:4 | Identified the +4 long sword of Parts Unknown {vorpal,
                  | +Blink}
 28001 | Orc:2    | Bought a scroll of acquirement for 728 gold pieces
 28001 | Orc:2    | Bought a scroll of brand weapon for 280 gold pieces
 28001 | Orc:2    | Acquired a manual of Crossbows
 28415 | Snake:1  | Entered Level 1 of the Snake Pit
 28816 | Snake:1  | Identified the +1 morningstar "Worm" {venom, Stlth+}
 29196 | Snake:1  | Received a gift from Trog
 29376 | Snake:2  | Noticed Vashnia
 29435 | Snake:2  | Killed Vashnia
 29652 | Snake:2  | You fall into a shaft and drop 1 floor!
 29748 | Snake:3  | Reached XP level 18. HP: 162/162 MP: 17/17
 29852 | Snake:2  | Received a gift from Trog
 29892 | Snake:2  | You fall into a shaft and drop 1 floor!
 29892 | Snake:3  | Found a hazy altar of Hepliaklqana.
 29926 | Snake:3  | Reached skill level 15 in Fighting
 30561 | Snake:3  | Noticed Aizul
 30574 | Snake:3  | Killed Aizul
 30680 | Snake:3  | Reached skill level 15 in Crossbows
 31368 | Snake:4  | Entered Level 4 of the Snake Pit
 31392 | Snake:4  | Reached skill level 21 in Axes
 31483 | Snake:4  | Received a gift from Trog
 32206 | Snake:4  | Identified the +7 executioner's axe of Intimidation
                  | {vorpal, Dex+3 SInv} (Trog gifted it to you on level 4 of
                  | the Snake Pit)
 32206 | Snake:4  | Received a gift from Trog
 32632 | Snake:4  | Reached XP level 19. HP: 148/172 MP: 18/18
 32983 | Snake:4  | Received a gift from Trog
 32984 | Snake:4  | Reached skill level 15 in Dodging
 32993 | Snake:4  | Reached skill level 22 in Axes
 33095 | Snake:4  | Got a serpentine rune of Zot
 33489 | Vaults:1 | Entered Level 1 of the Vaults
 33564 | Vaults:1 | You fall into a shaft and drop 1 floor!
 33737 | Vaults:2 | Noticed a Brimstone Fiend
 33826 | Vaults:1 | Found a flickering gateway to a bazaar.
 33852 | Bazaar   | Entered a bazaar
 33854 | Bazaar   | Found Heduod's Weapon Shop.
 33872 | Bazaar   | Found Ishuam's Jewellery Boutique.
 33898 | Bazaar   | Found Arocalud's General Store.
 34149 | Vaults:1 | Received a gift from Trog
 35401 | Vaults:2 | Reached skill level 23 in Axes
 35614 | Vaults:2 | Found Essa's Book Boutique.
 36194 | Vaults:3 | Noticed Margery
 36207 | Vaults:3 | Reached XP level 20. HP: 158/178 MP: 19/19
 36207 | Vaults:3 | Reached XP level 21. HP: 165/186 MP: 20/20
 36211 | Vaults:3 | Received a gift from Trog
 36226 | Vaults:3 | Killed Margery
 36370 | Vaults:3 | Found a staircase to the Crypt.
 36433 | Vaults:3 | Reached skill level 24 in Axes
 37078 | Vaults:3 | Received a gift from Trog
 37599 | Vaults:4 | Noticed Mara
 37609 | Vaults:4 | Killed Mara
 37679 | Vaults:4 | Reached skill level 25 in Axes
 37956 | Vaults:4 | Mangled by a vault warden

Illustrated notes

Levels and vault maps discovered:
D:1:      dpeg_arrival_round_a, layout_rooms
D:2:      layout_loops_ring, fedhas_ov_isle_minmay
D:3:      layout_basic, amethyst_overflow_temple_binary, serial_glass,
          glass_columns_b, glass_columns_b, item_on_display_a, feat_on_display,
          due_unseen_surprise, feat_on_display, uniq_jessica
D:4:      cheibrodos_thug_alley, layout_cave_pods, minmay_temple_entry_slanted,
          serial_shops, nicolae_shop_waterfront, hex_large
D:5:      layout_cave_pools, nicolae_qazlal_style_of_elements, basic_altar,
          chequers_serial_rivers_small_b
D:6:      layout_gridville, serial_shops, nicolae_shop_trees
D:7:      layout_basic, kennysheep_mini, kennysheep_generic_room_13
D:8:      layout_gridville, nicolae_overflow_hidden_temple
D:9:      layout_small_grid, chequers_temple_overflow_statue_of_worship,
          enter_bailey_4, minmay_microvault, uniq_psyche
D:10:     layout_grid_maze, lair_entry_dummy, nicolae_island_escapes
D:11:     layout_long_grid, gammafunk_ghost_nasty_kobolds,
          lemuel_mausoleum_altar_kikubaaqudgha
D:12:     layout_roguey, erik_orc_1
D:13:     evilmike_iron_armoury, layout_basic,
          lightli_vaults_fourway_checkpoint, ebering_ghost_disaster_area,
          serial_shops, bzr_entry_customers
D:14:     minmay_textured_paths, layout_long_grid, nicolae_trove_entry_columns,
          uniq_rupert
D:15:     grunt_enter_depths_snipers, layout_gridville, minmay_misc_feat_columns
Temple:   regret_index_temple_waves
Lair:1:   kb_forest_paths, layout_gridlike
Lair:2:   layout_roguey, minmay_snake_entry_six_corridors,
          ebering_ghost_funeral_grove
Lair:3:   layout_long_grid, minmay_shoals_entry_hut, basic_altar
Lair:4:   layout_cave_pods, portal_ice_cave_entry_animals_and_master,
          chequers_serial_rivers_small_b, minivault_11,
          infiniplex_staircase_pool_2, uniq_snorg
Lair:5:   layout_cave_pods, dpeg_slime_entry_corner, uniq_urug, uniq_josephine
Lair:6:   evilmike_catoblepas_cave, layout_regular_city,
          lightli_volcano_entry_magma_tube, uniq_nessos
Shoals:1: layout_shoals, nicolae_shoals_arrival_archipelago
Shoals:2: layout_shoals, gammafunk_ghost_cemetery, uniq_polyphemus
Shoals:3: layout_shoals, nicolae_shoals_loop_pool
Shoals:4: shoals_end_grunt_garden, layout_shoals
Snake:1:  layout_grid_maze, nicolae_coiled_stairwell_down, lemuel_fruit_tree
Snake:2:  layout_basic, special_room, minmay_snake_pond, uniq_vashnia
Snake:3:  layout_cave_town, basic_altar, uniq_aizul
Snake:4:  grunt_snake_rune_spirals, layout_onion_interference,
          serial_bayou_shore_a
Orc:1:    layout_caves, guppyfry_library_mini
Orc:2:    st_orc_elflike, layout_diamond_mine, mines2_david
Vaults:1: nicolae_vaults_yaktaur_gun_rack, hangedman_vaults_impose,
          nicolae_vaults_network_periphery, nicolae_vaults_inception_corners,
          v_misc_24, hangedman_vaults_stitches, v_misc_10,
          vaults_room_door_hall, nicolae_vaults_diagonal_hallway_7,
          ontoclasm_vaults_hangar, vaults_room_hallway, layout_vaults_omnicross,
          serial_shops, bzr_entry_water
Vaults:2: v_pattern_1, v_misc_28, vaults_room_mumra_shop_pool,
          layout_vaults_omnigrid
Vaults:3: nicolae_vaults_little_squares_4, grunt_vaults_trifunnel,
          hangedman_vaults_impose, nicolae_vaults_octagons,
          vaults_room_large_hall, hangedman_vaults_nodes, v_misc_30,
          vaults_room_large_hall, nicolae_vaults_little_squares_3,
          ontoclasm_vaults_fault, layout_vaults_ring, dummy_crypt_entry,
          uniq_margery
Vaults:4: hangedman_vaults_stretched_pinwheel, hangedman_vaults_variations,
          hangedman_vaults_slither, nicolae_vaults_arrows,
          vaults_dpeg_encased_lava, v_misc_30,
          dpeg_vaults_pockets_of_resistance, vaults_room_door_hall,
          ontoclasm_vaults_twist, nicolae_vaults_asterisk,
          layout_vaults_omnibox, uniq_mara

Skill      XL: |  1  2  3  4  5  6  7  8  9 10 11 12 13 14 15 16 17 18 19 20 21 |
---------------+----------------------------------------------------------------+-----
Axes           | 4 5 6 7 8 9 12 14 15 17 18 19 20 21 23 25 | 25.4
Fighting       | 4 5 7 8 10 11 12 13 14 15 16 | 16.1
Armour         | 3 4 5 6 8 10 11 12 13 14 15 17 18 19 20 | 20.0
Dodging        | 3 6 7 9 10 11 13 14 15 | 15.0
Crossbows      | 5 9 11 12 13 14 16 18 19 | 19.7

Action                   |  1- 3 |  4- 6 |  7- 9 | 10-12 | 13-15 | 16-18 | 19-21 || total
-------------------------+-------+-------+-------+-------+-------+-------+-------++-------
Melee: Hand axe          |    62 |   101 |       |       |       |       |       ||   163
       Headbutt          |     6 |    17 |    40 |    99 |   223 |   223 |   174 ||   782
       War axe           |       |     6 |    77 |       |       |       |       ||    83
       Battleaxe         |       |       |   161 |   526 |   896 |  1045 |   294 ||  2922
       Executioner's axe |       |       |       |       |       |       |   332 ||   332
 Fire: Shortbow          |       |       |    20 |    44 |       |       |       ||    64
       Hunting sling     |       |       |    55 |    59 |       |       |       ||   114
       Arbalest          |       |       |       |    27 |    72 |       |       ||    99
       Triple crossbow   |       |       |       |       |    55 |   237 |    26 ||   318
Throw: Javelin           |     8 |       |       |       |       |       |       ||     8
       Dart              |       |     2 |       |       |       |       |       ||     2
Invok: Berserk           |     1 |     1 |     2 |     6 |    12 |     2 |     3 ||    27
       Trog's Hand       |       |       |     1 |     2 |     6 |     9 |    11 ||    29
       Brothers in Arms  |       |       |       |       |     1 |     2 |     6 ||     9
Evoke: Wand              |       |       |       |     2 |       |       |       ||     2
  Use: Scroll            |       |       |    15 |     6 |    13 |     5 |     1 ||    40
       Potion            |       |       |       |     1 |       |       |     1 ||     2
 Stab: Petrified         |       |       |       |       |     3 |    12 |       ||    15
       Petrifying        |       |       |       |       |       |     4 |       ||     4
Armor: Animal skin       |     6 |       |       |       |       |       |       ||     6
       Ring mail         |    12 |    10 |       |       |       |       |       ||    22
       Scale mail        |       |    34 |   100 |       |       |       |       ||   134
       Chain mail        |       |       |    97 |       |       |       |       ||    97
       Plate armour      |       |       |    65 |   488 |   588 |       |       ||  1141
       Crystal plate arm |       |       |       |       |   133 |  1149 |   544 ||  1826
Dodge: Dodged            |    36 |    54 |   170 |   340 |   485 |   513 |   298 ||  1896

Table legend: (Time is in decaauts)
 A = Elapsed time spent in this place.
 B = Non-inter-level travel time spent in this place.
 C = Inter-level travel time spent in this place.
 D = Time resting spent in this place.
 E = Time spent auto-exploring this place.
 F = Levels seen in this place.
 G = Mean time per level.
                   A        B        C        D        E       F      G
               +--------+--------+--------+--------+--------+-----+--------+
         Total |  38183 |  34211 |   3972 |   3297 |  20817 |  41 |  931.3 |
       Dungeon |  15114 |  12714 |   2400 |    763 |   8528 |  15 | 1007.6 |
        Temple |      1 |      1 |      0 |      0 |      0 |   1 |    1.0 |
          Lair |   7002 |   6384 |    618 |    822 |   3815 |   6 | 1167.0 |
        Shoals |   3915 |   3726 |    189 |    464 |   2137 |   4 |  978.8 |
     Snake Pit |   4733 |   4450 |    283 |    598 |   2464 |   4 | 1183.2 |
  Orcish Mines |   1627 |   1385 |    242 |    143 |    884 |   2 |  813.5 |
        Vaults |   4200 |   3963 |    237 |    358 |   2328 |   4 | 1050.0 |
        Bazaar |    162 |    162 |      0 |      0 |    153 |   2 |   81.0 |
        Bailey |    462 |    462 |      0 |     70 |     64 |   1 |  462.0 |
      Ice Cave |    735 |    735 |      0 |     78 |    361 |   1 |  735.0 |
       Volcano |    227 |    227 |      0 |      0 |     81 |   1 |  227.0 |
               +--------+--------+--------+--------+--------+-----+--------+

Top non-repeatable levels by time:
 Snake:4: 1776 daAuts
  Lair:2: 1594 daAuts
     D:3: 1410 daAuts
     D:4: 1346 daAuts
Vaults:3: 1328 daAuts
    D:10: 1326 daAuts
Shoals:4: 1292 daAuts
  Lair:6: 1277 daAuts
Vaults:1: 1268 daAuts
    D:13: 1245 daAuts
 Snake:3: 1197 daAuts
  Lair:5: 1170 daAuts
Vaults:2: 1157 daAuts
   Orc:2: 1144 daAuts
  Lair:4: 1092 daAuts
